 Dungeon Crawl Stone Soup version 0.20.1-1-g8b1a95d (webtiles) character file.

74305 manon the Warrior (level 15, -2/145 HPs)
             Began as a Minotaur Fighter on Oct 29, 2017.
             Was the Champion of Okawaru.
             Killed by drain life
             ... invoked by a soul eater
             ... summoned by an orc high priest
              (13 damage)
             ... on level 2 of the Orcish Mines on Oct 30, 2017.
             The game lasted 02:49:33 (17827 turns).

manon the Warrior (Minotaur Fighter)               Turns: 17827, Time: 02:49:34

Health: -2/145     AC: 19    Str: 22    XL:     15   Next: 6%
Magic:  0/20       EV: 13    Int: 15    God:    Okawaru [******]
Gold:   1409       SH: 11    Dex: 11    Spells: 4/14 levels left

rFire    + + .     SeeInvis .   a - +4 demon blade (flame)
rCold    + . .     Gourm    .   I - +0 shield {reflect}
rNeg     . . .     Faith    +   p - +1 chain mail of Mumblety Peg {rF+ Regen+ Int+4}
rPois    +         Spirit   +   e - +0 hat of the Sea {Int+4}
rElec    .         Reflect  +   J - scarf {Spirit}
rCorr    +         Harm     .   P - +0 pair of gloves "Imoll" {rF+ rCorr Int-2}
MR       +....                  K - +0 pair of boots {Fly}
Stlth    ..........             E - amulet of faith
Regen    0.8/turn               q - ring of poison resistance
MPRegen  0.2/turn               G - ring of protection from cold

@: heroism, finesse, flying, drained
A: retaliatory headbutt, horns 2
a: Heroism, Finesse, Renounce Religion, Stop Flying


You were on level 2 of the Orcish Mines.
You worshipped Okawaru.
Okawaru was exalted by your worship.
You were not hungry.

You visited 5 branches of the dungeon, and saw 23 of its levels.

You collected 1656 gold pieces.
You spent 247 gold pieces at shops.

Inventory:

Hand Weapons
 a - a +4 demon blade of flaming (weapon)
 b - a +0 blowgun
 c - a +2 scimitar of holy wrath
 h - the +6 rapier of Uncertain Death {drain, SInv}
   (You found it on level 3 of the Lair of Beasts)

   A truly terrible weapon, it drains the life of those it strikes.
   It lets you see invisible.
 Y - the +12 shortbow of Detaat {velocity, rF+ Dex+4}
   (You found it on level 9 of the Dungeon)

   Any arrow fired from it inflicts extra damage.
   It affects your dexterity (+4).
   It protects you from fire.
Missiles
 n - 326 arrows
 C - a throwing net {!f}
 O - 20 tomahawks (quivered)
 Z - 24 curare-tipped needles
Armour
 e - the +0 hat of the Sea (worn) {Int+4}
   (Okawaru gifted it to you on level 5 of the Lair of Beasts)

   It affects your intelligence (+4).
 k - the +0 cloak "Ujovumali" {rPois rC+}
   (You found it on level 5 of the Lair of Beasts)

   It protects you from cold.
   It protects you from poison.
 p - the +1 chain mail of Mumblety Peg (worn) {rF+ Regen+ Int+4}
   (You found it on level 6 of the Dungeon)

   It affects your intelligence (+4).
   It protects you from fire.
   It increases your rate of regeneration.
 I - a +0 shield of reflection (worn)
 J - a scarf of spirit shield (worn)
 K - a +0 pair of boots of flying (worn)
 P - the +0 pair of gloves "Imoll" (worn) {rF+ rCorr Int-2}
   (You bought it in a shop on level 6 of the Dungeon)

   It affects your intelligence (-2).
   It protects you from fire.
   It protects you from acid and corrosion.
Jewellery
 m - an uncursed ring of wizardry
 q - a ring of poison resistance (left hand)
 y - an uncursed amulet of guardian spirit {unknown}
 E - an amulet of faith (around neck)
 G - a ring of protection from cold (right hand)
Wands
 d - a wand of confusion (20/48)
 x - a wand of confusion (9/48)
 B - a wand of acid (4/15)
 M - a wand of iceblast (11/15)
 N - a wand of flame (0/48)
Scrolls
 l - a scroll of recharging
 o - 5 scrolls of teleportation
 r - 5 scrolls of fear
 t - a scroll of enchant armour {unknown}
 u - a scroll of summoning {unknown}
 w - a scroll of silence {unknown}
 Q - a scroll of identify
 T - a scroll of holy word
 U - a scroll of brand weapon {unknown}
 W - a scroll of blinking
Potions
 g - a potion of berserk rage
 i - 5 potions of curing
 s - a potion of heal wounds {unknown}
 v - 2 potions of invisibility
 z - a potion of might
 A - 2 potions of brilliance
 D - 5 potions of magic
 F - 2 potions of lignification
 H - a potion of mutation {unknown}
 S - 2 potions of haste
 V - 3 potions of ambrosia {unknown}
 X - 2 potions of cancellation
Miscellaneous
 R - a phial of floods
Comestibles
 f - 12 bread rations
 j - 2 royal jellies
 L - 4 meat rations


   Skills:
 * Level 16.7(21.3) Fighting
 + Level 15.4(20.0) Long Blades
 * Level 14.0(18.6) Armour
 + Level 7.5(12.2) Dodging
 - Level 3.6(8.3) Shields
 + Level 4.5(4.2) Translocations
 - Level 7.4(7.1) Invocations
 - Level 8.0(7.6) Evocations


You had 4 spell levels left.
You knew the following spells:

 Your Spells              Type           Power        Failure   Level  Hunger
a - Apportation           Tloc           ##....       41%         1    ##.....
b - Blink                 Tloc           N/A          54%         2    ###....
l - Lesser Beckoning      Tloc           ##........   78%         3    ####...
p - Passage of Golubria   Tloc           N/A          99%         4    #####..


Dungeon Overview and Level Annotations

Branches:
Dungeon (11/15)            Temple (1/1) D:4            Lair (6/6) D:11
  Swamp (3/4) Lair:2       Spider (0/4) Lair:3        Slime (0/5) Lair:6
    Orc (2/2) D:9             Elf (0/3) Orc:2

Altars:
Ashenzari
Cheibriados
Elyvilon
Fedhas
Gozag
Kikubaaqudgha
Makhleb
Nemelex Xobeh
Okawaru
Qazlal
Sif Muna
Xom
Yredelemnul

Shops:
D:5 %   D:6 [   Orc:1 (%[

Annotations:
D:6 1 transporter
D:8 Gastronok
D:9 Ymberto's ghost, novice DECj
Lair:5 exclusion: oklob plant


Innate Abilities, Weirdness & Mutations

You reflexively headbutt those who attack you in melee.
You have a pair of horns on your head.


Message History

The bolt of acid hits the soul eater.
The soul eater is splashed with acid.
The acid corrodes the soul eater!
The soul eater is lightly wounded.
The bolt of acid hits the ice devil.
The ice devil is splashed with acid.
The acid corrodes the ice devil!
The ice devil is heavily wounded.
The bolt of acid hits the orc warrior.
The orc warrior is splashed with acid.
You kill the orc warrior!
Okawaru accepts your kill.
This wand has 5 charges left.
The soul eater completely misses you.
Evoke which item? (* to show all) (? for menu, Esc to quit)
Aiming: Corrosive Bolt
Press: ? - help, Shift-Dir - straight line, f - ice devil
Aim: an ice devil (heavily wounded, covered in acid, summoned)
The bolt of acid misses the soul eater.
The bolt of acid hits the ice devil.
The ice devil is splashed with acid.
The acid corrodes the ice devil!
You kill the ice devil!
This wand has 4 charges left.
The soul eater draws from the surrounding life force!
You die...

.......# ###.o..# ##...#....#
#....#####.o...#####.#.###..##
...#........3.##.##...##
###### .........§...##...#..##
##.## ........o).###........#
##...# #........)##o.#......##
##..... #...#....))[$$.##.####
#...... ##.###...#[...#####
##..#... ### ##.....§)##@##
#...#..# #.......).3..##
##.#.... #........##$..#
####... ###..#..#....#.##
#.... ##.............## ##.##
#.....##......## ####
##....###......## ##..##
##......# ### #..##.##


You could see a soul eater.

Vanquished Creatures
  Donald (Swamp:1)
  Snorg (Lair:3)
  The ghost of Pereza0 the Slicer, a journeyman VSAK of Lugonu (Swamp:2)
  Josephine (Orc:2)
  Erolcha (D:9)
  Fannar (Lair:3)
  7 hydras
  A ghost crab (Swamp:2)
  A catoblepas (Lair:6)
  A centaur warrior (D:9)
  2 two-headed ogres
  5 death yaks (Lair:6)
  A deep troll shaman (Lair:6)
  6 alligators
  3 orc high priests
  A swamp dragon (Swamp:1)
  2 shambling mangroves (Swamp:2)
  An orb spider (Lair:3)
  A lindwurm (Lair:5)
  4 orc knights (Orc:2)
  5 orc sorcerers
  5 oklob plants
  3 cyclopes
  A manticore (D:11)
  30 elephants
  5 black mambas
  A centaur skeleton (D:11)
  9 spiny frogs
  A torpor snail (Lair:6)
  A gargoyle (D:10)
  2 rime drakes
  9 komodo dragons
  2 trolls
  4 tyrant leeches
  Grinder (D:3)
  3 hornets (Swamp:2)
  A polar bear (Lair:4)
  9 slime creatures
  10 hippogriffs
  9 blink frogs
  4 bog bodies (Swamp:2)
  A spriggan (D:7)
  A wyvern (D:10)
  3 wraiths (Orc:2)
  14 yaks
  2 hogs (Swamp:1)
  A hungry ghost (D:10)
  3 basilisks
  A steam dragon (D:11)
  3 vampire mosquitoes (Swamp:1)
  A warg (D:9)
  8 swamp worms
  13 water moccasins
  9 porcupines
  A swamp drake (Swamp:2)
  2 sky beasts
  2 black bears
  8 ice beasts (Orc:1)
  11 orc warriors
  A slave (D:3)
  A phantom (D:5)
  7 ogres
  27 wolves
  6 centaurs
  12 crocodiles
  4 big kobolds
  7 bullfrogs
  A water moccasin zombie (D:9)
  7 scorpions
  5 wights
  2 electric eels (Lair:2)
  3 howler monkeys (D:10)
  4 crimson imps
  A bullfrog zombie (D:5)
  2 bullfrog skeletons
  3 jellies
  6 hounds
  15 orc priests
  3 iguanas
  9 orc wizards
  6 worker ants
  A hound skeleton (D:5)
  2 worker ant zombies
  The ghost of Caim the Grave Robber, a weakling FeNe (D:3)
  4 gnolls (D:3)
  13 adders
  A shadow imp (D:10)
  An adder skeleton (D:7)
  An adder zombie (D:6)
  A worm (D:2)
  5 dart slugs
  8 leopard geckos
  55 orcs
  A ball python (D:4)
  9 giant cockroaches
  5 goblins
  8 hobgoblins
  20 jackals
  3 quokkas
  12 bats
  6 frilled lizards
  A jackal skeleton (D:4)
  26 kobolds
  6 rats
  3 plants
566 creatures vanquished.

Vanquished Creatures (others)
  An orc priest (Orc:2)
  An orc wizard (Orc:2)
  3 fungi
  A plant (Lair:1)
  16 toadstools (Lair:5)
22 creatures vanquished.

Grand Total: 588 creatures vanquished

Notes
Turn   | Place    | Note
-------+----------+-------------------------------------------
     0 | D:1      | manon the Minotaur Fighter began the quest for the Orb.
     0 | D:1      | Reached XP level 1. HP: 19/19 MP: 0/0
   250 | D:1      | Reached XP level 2. HP: 27/27 MP: 1/1
   328 | D:1      | Reached skill level 4 in Fighting
   577 | D:1      | Reached XP level 3. HP: 26/33 MP: 2/2
  1121 | D:2      | Reached XP level 4. HP: 35/41 MP: 3/3
  1638 | D:3      | Reached skill level 5 in Long Blades
  1654 | D:3      | Reached skill level 5 in Fighting
  1654 | D:3      | Reached XP level 5. HP: 48/48 MP: 4/4
  1665 | D:3      | Noticed Caim's ghost (weakling FeNe)
  1674 | D:3      | Killed Caim's ghost
  2079 | D:3      | Found a snail-covered altar of Cheibriados.
  2208 | D:3      | Noticed Grinder
  2209 | D:3      | Paralysed by Grinder for 2 turns
  2219 | D:3      | Paralysed by Grinder for 4 turns
  2228 | D:3      | Killed Grinder
  2228 | D:3      | Reached XP level 6. HP: 18/57 MP: 5/5
  2586 | D:3      | Reached skill level 6 in Fighting
  2737 | D:3      | Found a shimmering altar of Xom.
  2839 | D:4      | Noticed a slave
  2875 | D:3      | Killed a slave
  3060 | D:4      | Found a staircase to the Ecumenical Temple.
  3071 | D:4      | Reached XP level 7. HP: 38/64 MP: 6/6
  3073 | Temple   | Entered the Ecumenical Temple
  3079 | Temple   | Became a worshipper of Warmaster Okawaru
  3562 | D:5      | Entered Level 5 of the Dungeon
  3640 | D:5      | Reached skill level 1 in Invocations
  3768 | D:5      | Found Yxacri's Food Emporium.
  3994 | D:5      | Reached * piety under Okawaru
  3994 | D:5      | Reached skill level 7 in Fighting
  4137 | D:5      | Reached XP level 8. HP: 39/73 MP: 8/8
  4635 | D:6      | Got a crude short sword
  4642 | D:6      | Identified the +9 short sword "Oxzedamn" {pain, rPois Dex+2} (You found it on level 6 of the Dungeon)
  4908 | D:6      | Found Itoy's Antique Armour Shop.
  4924 | D:6      | Bought a pair of slimy gloves for 247 gold pieces
  4929 | D:6      | Identified the cursed +0 pair of gloves "Imoll" {rF+ rCorr Int-2} (You bought it in a shop on level 6 of the Dungeon)
  5080 | D:6      | Got a transparent chain mail
  5091 | D:6      | Identified the +1 chain mail of Mumblety Peg {rF+ Regen+ Int+4} (You found it on level 6 of the Dungeon)
  5386 | D:6      | Found a sparkling altar of Nemelex Xobeh.
  5386 | D:6      | Found a transporter.
  5387 | D:6      | Noticed a cyclops
  5605 | D:7      | Reached skill level 10 in Long Blades
  5605 | D:7      | Reached skill level 1 in Evocations
  5673 | D:7      | Reached skill level 8 in Fighting
  5914 | D:7      | Reached ** piety under Okawaru
  6141 | D:7      | Reached XP level 9. HP: 76/81 MP: 11/11
  6608 | D:8      | Noticed a two-headed ogre
  6663 | D:8      | Killed a two-headed ogre
  6663 | D:8      | Reached *** piety under Okawaru
  6663 | D:8      | Received a gift from Okawaru
  6663 | D:8      | Reached skill level 5 in Invocations
  6763 | D:8      | Reached skill level 9 in Fighting
  6814 | D:8      | Noticed Gastronok
  6911 | D:9      | Noticed a centaur warrior
  6929 | D:9      | Killed a centaur warrior
  6929 | D:9      | Reached **** piety under Okawaru
  7008 | D:9      | Found a staircase to the Orcish Mines.
  7013 | D:9      | Reached XP level 10. HP: 91/91 MP: 13/13
  7035 | D:9      | Found a deep blue altar of Sif Muna.
  7097 | D:9      | Noticed Erolcha
  7103 | D:9      | Killed Erolcha
  7103 | D:9      | Reached ***** piety under Okawaru
  7103 | D:9      | Received a gift from Okawaru
  7128 | D:9      | Noticed Ymberto's ghost (novice DECj)
  7503 | D:9      | Got an ivory shortbow
  7614 | D:10     | Entered Level 10 of the Dungeon
  7930 | D:10     | Noticed a two-headed ogre
  7946 | D:10     | Killed a two-headed ogre
  7946 | D:10     | Reached skill level 10 in Fighting
  7946 | D:10     | Reached skill level 5 in Evocations
  7998 | D:10     | Found a basalt altar of Yredelemnul.
  8217 | D:10     | Noticed a gargoyle
  8229 | D:10     | Killed a gargoyle
  8229 | D:10     | Received a gift from Okawaru
  8691 | D:11     | Identified the +12 shortbow of Detaat {velocity, rF+ Dex+4} (You found it on level 9 of the Dungeon)
  8710 | D:11     | Noticed a manticore
  8717 | D:11     | Killed a manticore
  8818 | D:11     | Reached XP level 11. HP: 100/100 MP: 15/15
  8881 | D:11     | Reached skill level 1 in Dodging
  8995 | D:11     | Found a staircase to the Lair.
  8997 | D:11     | Noticed an oklob plant
  9004 | D:11     | Killed an oklob plant
  9133 | D:11     | Reached skill level 5 in Armour
  9467 | Lair:1   | Entered Level 1 of the Lair of Beasts
  9526 | Lair:1   | Reached ****** piety under Okawaru
  9539 | Lair:1   | Received a gift from Okawaru
  9546 | Lair:1   | Got a bloodstained great sword {god gift}
  9552 | Lair:1   | Identified the +7 great sword of Rasolea {elec, +Fly Str-3 Dex+4} (Okawaru gifted it to you on level 1 of the Lair of Beasts)
  9649 | Lair:1   | Reached skill level 11 in Fighting
  9805 | Lair:1   | Noticed an oklob plant
  9806 | Lair:1   | Noticed an oklob plant
  9806 | Lair:1   | Noticed an oklob plant
  9806 | Lair:1   | Noticed an oklob plant
  9837 | Lair:1   | Killed an oklob plant
  9847 | Lair:1   | Killed an oklob plant
  9847 | Lair:1   | Received a gift from Okawaru
  9879 | Lair:1   | Killed an oklob plant
  9896 | Lair:1   | Killed an oklob plant
 10190 | Lair:1   | Reached XP level 12. HP: 110/110 MP: 16/16
 10380 | Lair:2   | Found a burning altar of Makhleb.
 10715 | Lair:2   | Found a staircase to the Swamp.
 10901 | Lair:2   | Received a gift from Okawaru
 10968 | Lair:2   | Reached skill level 12 in Fighting
 11124 | Lair:3   | Noticed Fannar
 11151 | Lair:3   | Killed Fannar
 11318 | Lair:3   | Found a hole to the Spider Nest.
 11828 | Lair:3   | Noticed Snorg
 11840 | Lair:3   | Killed Snorg
 11840 | Lair:3   | Reached skill level 13 in Fighting
 11910 | Lair:3   | Got an encrusted rapier
 11911 | Lair:3   | Identified the +6 rapier of Uncertain Death {drain, SInv} (You found it on level 3 of the Lair of Beasts)
 12135 | Lair:4   | Received a gift from Okawaru
 12228 | Lair:4   | Learned a level 2 spell: Blink
 12233 | Lair:4   | Learned a level 4 spell: Passage of Golubria
 12237 | Lair:4   | Learned a level 3 spell: Lesser Beckoning
 12384 | Lair:4   | Got a crude buckler
 12390 | Lair:4   | Identified the -3 buckler of Purpose {rN+} (You found it on level 4 of the Lair of Beasts)
 12854 | Lair:4   | Reached skill level 14 in Fighting
 12925 | Lair:5   | Got a bloodstained cloak
 12939 | Lair:5   | Identified the cursed +0 cloak "Ujovumali" {rPois rC+} (You found it on level 5 of the Lair of Beasts)
 13020 | Lair:5   | Reached skill level 10 in Armour
 13020 | Lair:5   | Reached XP level 13. HP: 124/124 MP: 18/18
 13166 | Lair:5   | Received a gift from Okawaru
 13166 | Lair:5   | Reached skill level 1 in Translocations
 13169 | Lair:5   | Got a pitted hat {god gift}
 13175 | Lair:5   | Identified the +0 hat of the Sea {Int+4} (Okawaru gifted it to you on level 5 of the Lair of Beasts)
 13204 | Lair:5   | Found a blossoming altar of Fedhas.
 13521 | Lair:6   | Entered Level 6 of the Lair of Beasts
 14058 | Lair:6   | Received a gift from Okawaru
 14058 | Lair:6   | Reached skill level 5 in Dodging
 14201 | Lair:6   | Got a brightly glowing shortbow
 14207 | Lair:6   | Identified the +7 shortbow "Zafithraj" {freeze, rElec MP+9} (You found it on level 6 of the Lair of Beasts)
 14305 | Lair:6   | Reached skill level 15 in Fighting
 14359 | Lair:6   | Reached XP level 14. HP: 43/135 MP: 5/19
 14464 | Lair:6   | Found a staircase to the Slime Pits.
 14996 | Swamp:1  | Entered Level 1 of the Swamp
 15198 | Swamp:1  | Reached skill level 15 in Long Blades
 15468 | Swamp:1  | Noticed Donald
 15492 | Swamp:1  | Killed Donald
 15538 | Swamp:1  | Received a gift from Okawaru
 15699 | Swamp:2  | Reached skill level 16 in Fighting
 15762 | Swamp:2  | Learned a level 1 spell: Apportation
 15829 | Swamp:2  | Noticed Pereza0's ghost (journeyman VSAK)
 15863 | Swamp:2  | Killed Pereza0's ghost
 16028 | Swamp:2  | Received a gift from Okawaru
 16811 | Orc:1    | Entered Level 1 of the Orcish Mines
 16823 | Orc:1    | Found Erghoalea's Antique Weapon Shop.
 17005 | Orc:1    | Received a gift from Okawaru
 17019 | Orc:2    | Entered Level 2 of the Orcish Mines
 17046 | Orc:2    | Found a deep blue altar of Sif Muna.
 17066 | Orc:2    | Found a staircase to the Elven Halls.
 17134 | Orc:2    | Noticed Josephine
 17150 | Orc:2    | Killed Josephine
 17550 | Orc:1    | Found Piheseh's Antique Armour Shop.
 17599 | Orc:1    | Reached XP level 15. HP: 90/145 MP: 12/20
 17664 | Orc:1    | Found Xasoh's Food Boutique.
 17827 | Orc:2    | Killed from afar by a soul eater

Skill      XL: |  1  2  3  4  5  6  7  8  9 10 11 12 13 14 15 |
---------------+----------------------------------------------+-----
Long Blades    | 3 4 5 7 8 10 12 13 14 15 | 15.4
Fighting       | 4 5 6 7 8 9 10 11 14 15 16 | 16.7
Invocations    | 2 4 5 7 |  7.4
Evocations     | 1 3 5 6 8 |  8.0
Armour         | 4 7 10 12 13 14 | 14.0
Dodging        | 3 5 7 |  7.5
Translocations | 2 4 |  4.5
Shields        | |  3.6

Action                   |  1- 3 |  4- 6 |  7- 9 | 10-12 | 13-15 || total
-------------------------+-------+-------+-------+-------+-------++-------
Melee: Long sword        |   111 |   137 |   114 |       |       ||   362
       Headbutt          |    21 |    33 |    63 |    94 |   188 ||   399
       Short sword       |       |       |   168 |    18 |       ||   186
       Demon blade       |       |       |       |   537 |   741 ||  1278
       Scimitar          |       |       |       |       |    26 ||    26
 Fire: Hunting sling     |       |     6 |     4 |     5 |       ||    15
       Shortbow          |       |       |       |    38 |       ||    38
Throw: Tomahawk          |       |       |       |     2 |     3 ||     5
Invok: Heroism           |       |       |       |     2 |     5 ||     7
       Finesse           |       |       |       |       |     2 ||     2
Evoke: Wand              |       |       |    16 |     8 |     9 ||    33
  Use: Scroll            |     1 |     4 |     5 |    12 |     6 ||    28
       Potion            |       |     2 |       |     4 |     6 ||    12
 Stab: Confused          |       |       |     1 |       |     1 ||     2
       Held in net/web   |       |       |       |     1 |       ||     1
  Eat: Chunk             |     1 |     6 |     8 |    13 |     3 ||    31
       Royal jelly       |       |       |     2 |       |     4 ||     6
       Fruit             |       |       |       |    14 |       ||    14
Armor: Scale mail        |    50 |    48 |    53 |       |       ||   151
       Chain mail        |       |       |    46 |   172 |   290 ||   508
Dodge: Dodged            |    34 |    31 |    49 |    91 |   212 ||   417
Block: Shield            |    47 |    57 |   127 |   172 |   263 ||   666
       Rpst.: Long sword |     9 |    10 |     9 |       |       ||    28
       Demon blade       |       |       |       |    26 |    43 ||    69
       Scimitar          |       |       |       |       |     2 ||     2
